 Dungeon Crawl Stone Soup version 0.31-a0-702-gf82c85558f (webtiles) character file.

Game seed: 8007683890224841746

55823 qw the Marksgargoyle (level 14, 0/94 HPs)
             Began as a Gargoyle Hunter on Sept 7, 2023.
             Was an Elder of Okawaru.
             Slain by a death yak (19 damage)
             ... on level 5 of the Lair of Beasts.
             The game lasted 00:07:48 (18334 turns).

qw the Marksgargoyle (Gargoyle Hunter)             Turns: 18334, Time: 00:07:49

Health: 0/94       AC: 26    Str: 17    XL:     14   Next: 79%
Magic:  21/21      EV: 19    Int: 12    God:    Okawaru [****..]
Gold:   1974       SH:  0    Dex: 20    Spells: 13/13 levels left

rFire   + . .        k - +9 arbalest (heavy)
rCold   . . .        (shield currently unavailable)
rNeg    + . .        s - +1 ring mail {rF+}
rPois   inf          l - +0 helmet
rElec   +            f - scarf {repulsion}
rCorr   +            r - +0 pair of gloves
SInv    +            B - +2 pair of boots of the Disturbing Artists {+Inv rCorr Str-3 Dex+3}
Will    +....        y - amulet of faith
Stlth   +++          a - ring of see invisible
HPRegen 0.35/turn    z - +6 ring of strength
MPRegen 0.17/turn

%: repel missiles, faith
@: about to teleport, heroic, flying
A: sickness immunity, AC +10, big wings, negative energy resistance 1,
electricity resistance, torment resistance 1, petrification resistance, mutation
resistance 1
a: Renounce Religion, Evoke Invisibility, Heroism, Finesse


You were on level 5 of the Lair of Beasts.
You worshipped Okawaru.
Okawaru was greatly pleased with you.
You visited 3 branches of the dungeon, and saw 17 of its levels.
You also visited: Sewer and Ossuary.

You collected 2424 gold pieces.
You spent 450 gold pieces at shops.


Innate Abilities, Weirdness & Mutations

You are immune to sickness and miasma.
Your stone body is resilient. (AC +10)
You are immune to poison.
Your large and strong wings let you fly.
You resist negative energy. (rN+)
You are resistant to electric shocks. (rElec)
You are resistant to unholy torment.
You are immune to petrification.
You are somewhat resistant to further mutation.


   Skills:
 + Level 13.3(18.3) Fighting
 - Level 18.0(23.0) Ranged Weapons
 - Level 8.0(13.0) Armour
 - Level 7.0(12.0) Dodging
 - Level 1.1(6.1) Stealth
 - Level 10.0 Invocations


You had 13 spell levels left.
You didn't know any spells.
Your spell library was empty.

Inventory:

Hand Weapons
 k - a +9 heavy arbalest (weapon)
Armour
 f - a scarf of repulsion (worn)
 l - a +0 helmet (worn)
 m - a +0 cloak
 o - +0 steam dragon scales
 r - a +0 pair of gloves (worn)
 s - a +1 ring mail of fire resistance (worn)
 B - the +2 pair of boots of the Disturbing Artists (worn) {+Inv rCorr Str-3 Dex+3}
   (Okawaru gifted it to you on level 4 of the Lair of Beasts)

   Str-3:     It affects your strength (-3).
   Dex+3:     It affects your dexterity (+3).
   +Inv:      It lets you turn invisible.
   rCorr:     It protects you from acid and corrosion.
 C - +0 acid dragon scales
Jewellery
 a - a ring of see invisible (left hand)
 t - a ring of resist corrosion
 u - an amulet of the acrobat
 v - a ring of see invisible
 w - a ring of fire
 y - an amulet of faith (around neck)
 z - a +6 ring of strength (right hand)
Wands
 A - a wand of digging (2)
Scrolls
 c - 7 scrolls of identify
 d - 2 scrolls of teleportation
 j - 3 scrolls of enchant weapon
 p - 2 scrolls of brand weapon
Potions
 b - 4 potions of might
 e - 3 potions of haste
 g - 8 potions of curing
 h - 2 potions of heal wounds
 i - 7 potions of mutation
 n - 3 potions of resistance
 q - 2 potions of magic
 x - a potion of enlightenment

Dungeon Overview and Level Annotations

Branches:
Dungeon (11/15)            Temple (1/1) D:5            Lair (5/5) D:11
 Shoals (0/4) Lair:2        Snake (0/4) Lair:2        Slime (0/5) Lair:4
    Orc (0/2) D:11          Sewer (visited)         Ossuary (visited)

Altars:
Ashenzari
Cheibriados
Dithmenos
Elyvilon
Fedhas
Gozag
Hepliaklqana
Kikubaaqudgha
Makhleb
Nemelex Xobeh
Okawaru
Qazlal
Ru
Sif Muna
Trog
Uskayaw
Vehumet
Wu Jian
Xom
Yredelemnul
Zin
The Shining One
Jiyva

Shops:
D:1 !   D:9 ?   D:11 [(

Annotations:
D:5 1 runed translucent door, Crazy Yiuf
D:10 3 runed translucent doors, qw's ghost, journeyman GrHu


Message History

The seven-headed hydra closely misses you.
The seven-headed hydra bites you but does no damage.
The seven-headed hydra completely misses you.
The death yak gores you!!
You shoot a bolt. The bolt hits the rime drake!
The rime drake is severely wounded.
The rime drake breathes ice at you. The icy flash freeze misses you.
The seven-headed hydra bites you.
The seven-headed hydra barely misses you. x2
The seven-headed hydra bites you.
The seven-headed hydra closely misses you.
The seven-headed hydra misses you.
The seven-headed hydra bites you but does no damage.
The rime drake bites you but does no damage.
The death yak barely misses you. The seven-headed hydra bites you!
The seven-headed hydra bites you but does no damage. x3
The seven-headed hydra closely misses you.
The seven-headed hydra barely misses you.
The seven-headed hydra bites you.
You shoot a bolt. The bolt hits the rime drake!!!!
You kill the rime drake!
Okawaru accepts your kill. The death yak completely misses you.
The seven-headed hydra closely misses you.
The seven-headed hydra bites you. x2; The seven-headed hydra misses you.
The seven-headed hydra completely misses you.
The seven-headed hydra bites you but does no damage. x2
The death yak gores you but does no damage.
The seven-headed hydra bites you.
The seven-headed hydra bites you but does no damage.
The seven-headed hydra bites you.
The seven-headed hydra bites you but does no damage.
The seven-headed hydra closely misses you.
The seven-headed hydra completely misses you.
The seven-headed hydra misses you.
18334 ||| READING 3 scrolls of teleportation.
As you read the scroll of teleportation, it crumbles to dust.
You feel strangely unstable. The death yak gores you!!
You die...

### ##.,,,,*##..........%#% ###
##..,,,,*#.....#####.... ..#
##...,,,,*#.....#........ .P##
#..#k,,,,*#...#.#...#.... ...#
#####..Y########.......#...#
...###.##..#...#...#...###}###...
~.....##*#..D.Y#...#.....###P....
7......###.....#.%%#......#......
~.......#......#@#.#.....###.....
7~......####...%DY.....### ####..
7~.......###.#.........# #..P
~7.........#####...##### ####
~7.....#....# ##### #
~77...###...# ##### ###
~~~#...###.## ##...#####..
~~7..### ### #......##... ~77..#
##.[..####..


You could see a death yak and a seven-headed hydra.

Vanquished Creatures
  A dire elephant (Lair:5)
  6 hydras
  3 catoblepae (Lair:5)
  Sonja (Lair:4)
  2 death yaks (Lair:5)
  Nergalle (Lair:3)
  3 skysharks
  Pikel (D:4)
  2 lindwurms (Lair:5)
  A manticore (Lair:5)
  2 merfolk sirens (Lair:2)
  4 black mambas
  8 elephants
  3 torpor snails
  A molten gargoyle (Lair:3)
  12 cane toads
  An unseen horror (D:9)
  6 komodo dragons
  5 rime drakes
  A queen bee (D:11)
  A troll (D:11)
  10 polar bears (Lair:5)
  A merfolk (Lair:2)
  Prince Ribbit (D:7)
  14 blink frogs
  8 dream sheep (Lair:5)
  3 raiju (Lair:5)
  Sigmund (D:4)
  2 shadows
  A wraith (D:9)
  60 yaks
  6 wyverns
  5 fire bats (Lair:3)
  A fire elemental (Lair:3)
  6 basilisks
  2 steam dragons
  6 wargs
  3 acid dragons
  3 nagas (Lair:2)
  Edmund (D:5)
  12 hell hounds (Lair:5)
  5 water moccasins
  A sky beast (D:6)
  14 black bears
  5 orc warriors
  An ice beast (D:7)
  2 ogres
  16 wolves
  8 centaurs
  2 lemures
  A phantom (D:4)
  A kobold brigand (D:7)
  2 gnoll sergeants (D:10)
  16 bullfrogs
  3 scorpions
  4 wights (D:8)
  27 killer bees
  3 vampire bats (Lair:2)
  6 howler monkeys
  9 electric eels
  A centaur zombie (Ossuary)
  8 orc priests
  10 jellies
  4 hounds
  9 iguanas
  12 orc wizards
  4 mummies (Ossuary)
  15 gnolls
  2 river rats (Sewer)
  9 adders
  7 worms
  3 dart slugs
  53 orcs
  10 ball pythons
  13 bats
  10 endoplasms
  3 giant cockroaches
  5 goblins
  8 hobgoblins
  9 jackals
  11 kobolds
  3 quokkas
  10 frilled lizards
  3 goblin zombies (Ossuary)
  A hobgoblin zombie (Ossuary)
  3 kobold zombies (Ossuary)
  7 rats
570 creatures vanquished.

Vanquished Creatures (others)
  An orc wizard (D:10)
1 creature vanquished.

Grand Total: 571 creatures vanquished

Notes
Turn   | Place    | Note
-------+----------+-------------------------------------------
     0 | D:1      | qw the Gargoyle Hunter began the quest for the Orb.
     0 | D:1      | Reached XP level 1. HP: 12/12 MP: 1/1
     0 | D:1      | 0 ||| qw: Version: 0.3-a-76-g4403597
     0 | D:1      | 0 ||| qw: Game counter: 925
     0 | D:1      | 0 ||| qw: Melee chars always use a shield: true
     0 | D:1      | 0 ||| qw: God list: Okawaru
     0 | D:1      | 0 ||| qw: Allow faded altars: false
     0 | D:1      | 0 ||| qw: Do Orc after clearing Dungeon:15 true
     0 | D:1      | 0 ||| qw: Do second Lair branch before Depths: true
     0 | D:1      | 0 ||| qw: Lair rune preference: random
     0 | D:1      | 0 ||| qw: Goals: Normal
     0 | D:1      | 0 ||| PLANNING D:1-11
    81 | D:1      | Reached XP level 2. HP: 17/17 MP: 2/2
   387 | D:1      | Reached XP level 3. HP: 21/21 MP: 3/3
   479 | D:1      | Reached skill level 5 in Ranged Weapons
   515 | D:1      | Found Enitietu's Distillery.
   519 | D:1      | 519 ||| BUYING potion of curing (30 gold).
   519 | D:1      | Bought a potion of curing for 30 gold pieces
   519 | D:1      | 519 ||| SHOPLISTING potion of enlightenment (50 gold, have
                  | 7).
   519 | D:1      | 519 ||| SHOPLISTING potion of might (40 gold, have 7).
   519 | D:1      | 519 ||| SHOPLISTING potion of mutation (80 gold, have 7).
   519 | D:1      | 519 ||| SHOPLISTING potion of resistance (100 gold, have
                  | 7).
   790 | D:1      | 790 ||| UPGRADING to scarf of repulsion.
   795 | D:1      | 795 ||| READING scroll labelled EBLA WEIJY.
   796 | D:1      | 796 ||| READING scroll labelled YTUUWA WELOG.
   800 | D:1      | 800 ||| DROPPING scroll of butterflies.
  1073 | D:2      | 1073 ||| SWAPPING to +0 orcbow.
  1074 | D:2      | 1074 ||| DROPPING +1 shortbow.
  1075 | D:2      | 1075 ||| READING scroll of enchant weapon.
  1075 | D:2      | 1075 ||| ENCHANTING +0 orcbow.
  1105 | D:2      | Reached skill level 3 in Fighting
  1252 | D:2      | Reached XP level 4. HP: 25/28 MP: 4/4
  1752 | D:2      | 1752 ||| UPGRADING to +0 ring mail.
  1762 | D:2      | 1762 ||| DROPPING +0 leather armour.
  1763 | D:2      | 1763 ||| DROPPING ring of flight.
  1764 | D:2      | 1764 ||| READING scroll labelled WOBIALLYLOAFO.
  1782 | D:2      | 1782 ||| READING scroll labelled ZUIFATWOE CEDU.
  1783 | D:2      | 1783 ||| READING scroll labelled LOATSIU REPS.
  1783 | D:2      | Identified a scroll of acquirement
  1783 | D:2      | 1783 ||| ACQUIRING +8 arbalest of freezing
  1783 | D:2      | Acquired a +8 arbalest of freezing
  1785 | D:2      | 1785 ||| SWAPPING to +8 arbalest of freezing.
  1786 | D:2      | 1786 ||| DROPPING +1 orcbow.
  1839 | D:3      | 1839 ||| RETREATING.
  1845 | D:3      | Reached skill level 1 in Armour
  1849 | D:3      | 1849 ||| Stepping ~*~*~tactically~*~*~ (retreating).
  1850 | D:3      | 1850 ||| Stepping ~*~*~tactically~*~*~ (retreating).
  1939 | D:3      | Reached XP level 5. HP: 32/32 MP: 5/5
  2513 | D:4      | Found a radiant altar of Vehumet.
  2516 | D:4      | Reached skill level 6 in Ranged Weapons
  2517 | D:4      | Noticed a phantom
  2518 | D:4      | 2518 ||| RETREATING.
  2523 | D:4      | Killed a phantom
  2524 | D:4      | Reached XP level 6. HP: 30/39 MP: 6/6
  2528 | D:4      | 2528 ||| FLEEEEING.
  2529 | D:4      | 2529 ||| FLEEEEING.
  2530 | D:4      | 2530 ||| FLEEEEING.
  2531 | D:4      | 2531 ||| FLEEEEING.
  2532 | D:4      | 2532 ||| FLEEEEING.
  2533 | D:4      | 2533 ||| FLEEEEING.
  2534 | D:4      | 2534 ||| FLEEEEING.
  2535 | D:4      | 2535 ||| FLEEEEING.
  2536 | D:4      | 2536 ||| FLEEEEING.
  2537 | D:4      | 2537 ||| FLEEEEING.
  2538 | D:4      | 2538 ||| FLEEEEING.
  2539 | D:4      | 2539 ||| RETREATING.
  2540 | D:4      | 2540 ||| Stepping ~*~*~tactically~*~*~ (retreating).
  2541 | D:4      | 2541 ||| Stepping ~*~*~tactically~*~*~ (retreating).
  2545 | D:4      | 2545 ||| FLEEEEING.
  2545 | D:4      | Noticed Sigmund
  2546 | D:4      | 2546 ||| FLEEEEING.
  2547 | D:4      | 2547 ||| FLEEEEING.
  2548 | D:4      | 2548 ||| FLEEEEING.
  2549 | D:4      | 2549 ||| FLEEEEING.
  2550 | D:4      | 2550 ||| FLEEEEING.
  2551 | D:4      | 2551 ||| FLEEEEING.
  2552 | D:4      | 2552 ||| FLEEEEING.
  2553 | D:4      | 2553 ||| FLEEEEING.
  2554 | D:4      | 2554 ||| FLEEEEING.
  2555 | D:4      | 2555 ||| FLEEEEING.
  2556 | D:4      | 2556 ||| FLEEEEING.
  2557 | D:4      | 2557 ||| FLEEEEING.
  2558 | D:4      | 2558 ||| FLEEEEING.
  2559 | D:4      | 2559 ||| FLEEEEING.
  2561 | D:4      | 2561 ||| FLEEEEING.
  2562 | D:4      | 2562 ||| STAIRDANCE
  2608 | D:4      | 2608 ||| STAIRDANCE
  2734 | D:4      | Noticed Pikel
  2737 | D:4      | 2737 ||| RETREATING.
  2741 | D:4      | Killed Pikel
  2742 | D:4      | Reached skill level 8 in Ranged Weapons
  2742 | D:4      | Reached XP level 7. HP: 37/44 MP: 7/7
  2821 | D:4      | 2821 ||| Stepping ~*~*~tactically~*~*~ (outnumbered).
  2825 | D:4      | Reached XP level 8. HP: 49/49 MP: 8/8
  2884 | D:4      | Found a blossoming altar of Fedhas.
  2981 | D:4      | Killed Sigmund
  2982 | D:4      | Reached skill level 3 in Dodging
  3236 | D:4      | Found an opulent altar of Gozag.
  3237 | D:4      | Found a glowing silver altar of Zin.
  3380 | D:4      | Found a shimmering blue altar of Sif Muna.
  3380 | D:4      | Found a white marble altar of Elyvilon.
  3380 | D:4      | Found a hazy altar of Hepliaklqana.
  3448 | D:4      | Identified the +9 quarterstaff of Devotion {heavy, Dex+4}
  3489 | D:4      | 3489 ||| DROPPING scarf of harm.
  3490 | D:4      | 3490 ||| READING scroll labelled ZOTRIR YKUURGH.
  3535 | D:5      | Entered Level 5 of the Dungeon
  3536 | D:5      | 3536 ||| PLANNING SEWER
  3660 | D:5      | Found a staircase to the Ecumenical Temple.
  3664 | D:5      | Reached skill level 9 in Ranged Weapons
  3687 | D:5      | Found a basalt altar of Yredelemnul.
  3752 | D:5      | Found a glowing drain.
  3754 | D:5      | 3754 ||| READING scroll labelled XOPUOKL ZYTZ.
  3765 | Sewer    | Entered a sewer
  3826 | Sewer    | 3826 ||| Stepping ~*~*~tactically~*~*~ (water).
  3838 | Sewer    | 3838 ||| Stepping ~*~*~tactically~*~*~ (water).
  3840 | Sewer    | 3840 ||| Stepping ~*~*~tactically~*~*~ (water).
  3892 | Sewer    | Reached skill level 6 in Fighting
  4011 | Sewer    | 4011 ||| Stepping ~*~*~tactically~*~*~ (water).
  4031 | Sewer    | 4031 ||| READING 2 scrolls labelled FOITUS VUPODWO.
  4032 | Sewer    | 4032 ||| READING scroll labelled WAWUZA LIEMMID.
  4033 | Sewer    | 4033 ||| DRINKING 2 glowing white potions.
  4034 | Sewer    | 4034 ||| DRINKING 2 sedimented inky potions.
  4035 | Sewer    | 4035 ||| DROPPING scroll of noise.
  4036 | Sewer    | 4036 ||| DROPPING potion of degeneration.
  4073 | D:5      | 4073 ||| PLANNING TEMPLE
  4111 | Temple   | Entered the Ecumenical Temple
  4112 | Temple   | 4112 ||| PLANNING OKAWARU WORSHIP
  4130 | Temple   | Became a worshipper of Warmaster Okawaru
  4131 | Temple   | 4131 ||| PLANNING D:1-11
  4296 | D:5      | 4296 ||| RETREATING.
  4378 | D:5      | Reached XP level 9. HP: 55/55 MP: 9/9
  4420 | D:5      | Reached skill level 10 in Ranged Weapons
  4439 | D:5      | Noticed Edmund
  4444 | D:5      | Killed Edmund
  4448 | D:5      | Found a stormy altar of Qazlal.
  4586 | D:5      | Found a runed translucent door.
  4587 | D:5      | Noticed Crazy Yiuf
  4904 | D:5      | 4904 ||| UPGRADING to +2 leather armour of positive energy.
  4914 | D:5      | 4914 ||| DROPPING +0 ring mail.
  4915 | D:5      | 4915 ||| UPGRADING to ring of see invisible.
  4916 | D:5      | 4916 ||| READING 2 scrolls of identify.
  4916 | D:5      | 4916 ||| IDENTIFYING orange potion
  4946 | D:6      | 4946 ||| READING 2 scrolls of enchant weapon.
  4946 | D:6      | 4946 ||| ENCHANTING +8 arbalest of freezing.
  5156 | D:6      | Reached * piety under Okawaru
  5877 | D:7      | Reached skill level 1 in Invocations
  5890 | D:7      | 5890 ||| INVOKING Heroism.
  5892 | D:7      | 5892 ||| Stepping ~*~*~tactically~*~*~ (outnumbered).
  5909 | D:7      | 5909 ||| DRINKING 6 potions of curing.
  5909 | D:7      | 5909 ||| (to cure confusion)
  5961 | D:7      | Reached skill level 11 in Ranged Weapons
  5961 | D:7      | Reached skill level 3 in Invocations
  5962 | D:7      | Noticed Prince Ribbit
  5963 | D:7      | 5963 ||| INVOKING Heroism.
  5966 | D:7      | Killed Prince Ribbit
  6033 | D:7      | 6033 ||| RETREATING.
  6035 | D:7      | 6035 ||| INVOKING Heroism.
  6041 | D:7      | 6041 ||| Stepping ~*~*~tactically~*~*~ (retreating).
  6050 | D:7      | Reached XP level 10. HP: 19/64 MP: 11/13
  6051 | D:7      | 6051 ||| FLEEEEING.
  6052 | D:7      | 6052 ||| FLEEEEING.
  6053 | D:7      | 6053 ||| FLEEEEING.
  6054 | D:7      | 6054 ||| FLEEEEING.
  6055 | D:7      | 6055 ||| FLEEEEING.
  6056 | D:7      | 6056 ||| FLEEEEING.
  6057 | D:7      | 6057 ||| FLEEEEING.
  6058 | D:7      | 6058 ||| STAIRDANCE
  6200 | D:7      | 6200 ||| INVOKING Heroism.
  6230 | D:7      | Found a broken altar of Ashenzari.
  6764 | D:7      | 6764 ||| READING scroll labelled ROICHO MUPRIHI.
  6765 | D:7      | 6765 ||| DRINKING 2 purple potions.
  6766 | D:7      | 6766 ||| DRINKING 2 ruby potions.
  6766 | D:7      | Gained mutation: You are somewhat resistant to further
                  | mutation. [potion of mutation]
  6767 | D:7      | 6767 ||| READING 2 scrolls of identify.
  6767 | D:7      | 6767 ||| IDENTIFYING coppery potion
  6768 | D:7      | 6768 ||| DROPPING potion of lignification.
  6813 | D:8      | 6813 ||| PLANNING OSSUARY
  6848 | D:8      | 6848 ||| INVOKING Heroism.
  6955 | D:8      | Found a sand-covered staircase.
  6962 | Ossuary  | Entered an ossuary
  7061 | Ossuary  | 7061 ||| READING scroll of acquirement.
  7061 | Ossuary  | 7061 ||| ACQUIRING 865 gold pieces
  7061 | Ossuary  | Acquired 865 gold pieces
  7119 | Ossuary  | 7119 ||| DRINKING 3 green potions.
  7120 | Ossuary  | 7120 ||| DRINKING 2 cyan potions.
  7121 | Ossuary  | 7121 ||| DRINKING 2 pink potions.
  7122 | Ossuary  | 7122 ||| DRINKING 5 potions of curing.
  7122 | Ossuary  | 7122 ||| (to cure confusion)
  7123 | Ossuary  | 7123 ||| READING 2 scrolls of identify.
  7123 | Ossuary  | 7123 ||| IDENTIFYING fuming golden potion
  7124 | Ossuary  | 7124 ||| DROPPING 2 potions of attraction.
  7125 | Ossuary  | 7125 ||| DROPPING potion of brilliance.
  7126 | Ossuary  | 7126 ||| DROPPING potion of ambrosia.
  7142 | D:8      | 7142 ||| PLANNING D:1-11
  7219 | D:8      | 7219 ||| INVOKING Heroism.
  7427 | D:8      | Found a snail-covered altar of Cheibriados.
  7635 | D:9      | Noticed an unseen horror
  7637 | D:9      | Killed an unseen horror
  7638 | D:9      | Reached skill level 12 in Ranged Weapons
  7705 | D:9      | Found Ukkeg's Magic Scroll Shoppe.
  7713 | D:9      | 7713 ||| BUYING scroll of brand weapon (133 gold).
  7713 | D:9      | Bought a scroll of brand weapon for 133 gold pieces
  7713 | D:9      | 7713 ||| BUYING scroll of brand weapon (133 gold).
  7713 | D:9      | Bought a scroll of brand weapon for 133 gold pieces
  7713 | D:9      | 7713 ||| BUYING scroll of identify (28 gold).
  7713 | D:9      | Bought a scroll of identify for 28 gold pieces
  7713 | D:9      | 7713 ||| BUYING scroll of identify (28 gold).
  7713 | D:9      | Bought a scroll of identify for 28 gold pieces
  7713 | D:9      | 7713 ||| BUYING scroll of identify (28 gold).
  7713 | D:9      | Bought a scroll of identify for 28 gold pieces
  7713 | D:9      | 7713 ||| BUYING scroll of identify (28 gold).
  7713 | D:9      | Bought a scroll of identify for 28 gold pieces
  7713 | D:9      | 7713 ||| BUYING scroll of teleportation (42 gold).
  7713 | D:9      | Bought a scroll of teleportation for 42 gold pieces
  7713 | D:9      | 7713 ||| READING 2 scrolls of brand weapon.
  7713 | D:9      | 7713 ||| BRANDING +9 arbalest of freezing.
  7714 | D:9      | 7714 ||| READING scroll of brand weapon.
  7714 | D:9      | 7714 ||| BRANDING +9 arbalest of electrocution.
  7795 | D:9      | 7795 ||| READING 6 scrolls of identify.
  7795 | D:9      | 7795 ||| IDENTIFYING viscous dark potion
  7961 | D:9      | Found a sacrificial altar of Ru.
  7972 | D:9      | 7972 ||| INVOKING Heroism.
  7996 | D:9      | 7996 ||| INVOKING Heroism.
  8160 | D:9      | 8160 ||| INVOKING Heroism.
  8336 | D:9      | 8336 ||| READING scroll labelled ROBRAI MEOXTI.
  8449 | D:10     | Entered Level 10 of the Dungeon
  8460 | D:10     | 8460 ||| Stepping ~*~*~tactically~*~*~ (outnumbered).
  8462 | D:10     | 8462 ||| Stepping ~*~*~tactically~*~*~ (outnumbered).
  8465 | D:10     | 8465 ||| Stepping ~*~*~tactically~*~*~ (outnumbered).
  8574 | D:10     | 8574 ||| RETREATING.
  8592 | D:10     | 8592 ||| Stepping ~*~*~tactically~*~*~ (retreating).
  8593 | D:10     | Reached ** piety under Okawaru
  8594 | D:10     | Reached skill level 13 in Ranged Weapons
  8663 | D:10     | Reached skill level 9 in Fighting
  8709 | D:10     | 8709 ||| Stepping ~*~*~tactically~*~*~ (outnumbered).
  8712 | D:10     | 8712 ||| Stepping ~*~*~tactically~*~*~ (outnumbered).
  9216 | D:10     | Found a runed translucent gate.
  9216 | D:10     | Found a runed translucent gate.
  9216 | D:10     | Found a runed translucent gate.
  9217 | D:10     | Noticed a spectral centaur warrior
  9221 | D:10     | Noticed qw's ghost (journeyman GrHu)
  9223 | D:10     | 9223 ||| UPGRADING to +0 pair of gloves.
  9228 | D:10     | 9228 ||| READING 5 scrolls of identify.
  9228 | D:10     | 9228 ||| IDENTIFYING brown potion
  9229 | D:10     | 9229 ||| DROPPING potion of invisibility.
  9265 | D:11     | 9265 ||| Stepping ~*~*~tactically~*~*~ (retreating).
  9267 | D:11     | 9267 ||| Stepping ~*~*~tactically~*~*~ (retreating).
  9268 | D:11     | 9268 ||| Stepping ~*~*~tactically~*~*~ (retreating).
  9269 | D:11     | 9269 ||| Stepping ~*~*~tactically~*~*~ (retreating).
  9270 | D:11     | 9270 ||| Stepping ~*~*~tactically~*~*~ (retreating).
  9271 | D:11     | 9271 ||| INVOKING Heroism.
  9273 | D:11     | Reached XP level 11. HP: 51/71 MP: 11/14
  9282 | D:11     | 9282 ||| INVOKING Heroism.
  9306 | D:11     | 9306 ||| FLEEEEING.
  9307 | D:11     | 9307 ||| STAIRDANCE
  9564 | D:11     | Reached skill level 14 in Ranged Weapons
  9579 | D:11     | 9579 ||| INVOKING Heroism.
  9664 | D:11     | 9664 ||| INVOKING Heroism.
  9694 | D:11     | 9694 ||| INVOKING Heroism.
  9719 | D:11     | 9719 ||| Stepping ~*~*~tactically~*~*~ (outnumbered).
  9721 | D:11     | 9721 ||| Stepping ~*~*~tactically~*~*~ (outnumbered).
  9723 | D:11     | 9723 ||| Stepping ~*~*~tactically~*~*~ (outnumbered).
  9725 | D:11     | 9725 ||| Stepping ~*~*~tactically~*~*~ (outnumbered).
  9754 | D:11     | 9754 ||| INVOKING Heroism.
  9856 | D:11     | Found a staircase to the Lair.
  9896 | D:11     | 9896 ||| Stepping ~*~*~tactically~*~*~ (outnumbered).
  9898 | D:11     | 9898 ||| Stepping ~*~*~tactically~*~*~ (outnumbered).
  9899 | D:11     | 9899 ||| Stepping ~*~*~tactically~*~*~ (outnumbered).
  9902 | D:11     | 9902 ||| INVOKING Heroism.
  9920 | D:11     | Found Bex Xips's Weapon Boutique.
  9923 | D:11     | Found a staircase to the Orcish Mines.
  9925 | D:11     | Found Qiapsao's Armour Boutique.
  9929 | D:11     | 9929 ||| INVOKING Heroism.
  9957 | D:11     | 9957 ||| INVOKING Heroism.
 10347 | D:11     | 10347 ||| PLANNING LAIR
 10347 | D:11     | 10347 ||| UPGRADING to +1 ring mail of fire resistance.
 10357 | D:11     | 10357 ||| DROPPING +2 leather armour of positive energy.
 10358 | D:11     | 10358 ||| UPGRADING to +0 pair of boots.
 10434 | Lair:1   | Entered Level 1 of the Lair of Beasts
 10487 | Lair:1   | 10487 ||| INVOKING Heroism.
 10490 | Lair:1   | Reached skill level 3 in Armour
 10490 | Lair:1   | 10490 ||| RETREATING.
 10530 | Lair:1   | 10530 ||| INVOKING Heroism.
 10710 | Lair:1   | 10710 ||| INVOKING Heroism.
 10721 | Lair:1   | 10721 ||| INVOKING Heroism.
 10855 | Lair:1   | Reached skill level 15 in Ranged Weapons
 10858 | Lair:1   | 10858 ||| RETREATING.
 10862 | Lair:1   | Reached *** piety under Okawaru
 10991 | Lair:1   | 10991 ||| RETREATING.
 10994 | Lair:1   | Reached XP level 12. HP: 77/77 MP: 15/15
 11403 | Lair:2   | 11403 ||| RETREATING.
 11533 | Lair:2   | Found a staircase to the Snake Pit.
 11537 | Lair:2   | 11537 ||| Stepping ~*~*~tactically~*~*~ (retreating).
 11538 | Lair:2   | 11538 ||| Stepping ~*~*~tactically~*~*~ (outnumbered).
 11541 | Lair:2   | Reached **** piety under Okawaru
 11649 | Lair:2   | 11649 ||| INVOKING Heroism.
 11759 | Lair:2   | 11759 ||| INVOKING Heroism.
 11761 | Lair:2   | Reached skill level 16 in Ranged Weapons
 12046 | Lair:2   | 12046 ||| INVOKING Heroism.
 12092 | Lair:2   | 12092 ||| INVOKING Heroism.
 12139 | Lair:2   | 12139 ||| INVOKING Heroism.
 12290 | Lair:2   | Found a staircase to the Shoals.
 12852 | Lair:2   | 12852 ||| UPGRADING to +0 helmet.
 12857 | Lair:2   | 12857 ||| UPGRADING to amulet of the acrobat.
 12961 | Lair:3   | 12961 ||| RETREATING.
 12978 | Lair:3   | Reached skill level 6 in Invocations
 12992 | Lair:3   | 12992 ||| RETREATING.
 12993 | Lair:3   | 12993 ||| INVOKING Heroism.
 13003 | Lair:3   | Reached skill level 6 in Armour
 13015 | Lair:3   | 13015 ||| INVOKING Heroism.
 13263 | Lair:3   | 13263 ||| INVOKING Heroism.
 13378 | Lair:3   | 13378 ||| DROPPING +1 ring mail of fire resistance.
 13379 | Lair:3   | 13379 ||| UPGRADING to amulet of faith.
 13391 | Lair:3   | 13391 ||| INVOKING Heroism.
 13394 | Lair:3   | Reached XP level 13. HP: 54/84 MP: 15/18
 13504 | Lair:3   | 13504 ||| READING scroll labelled LIEBBUN YKLOO.
 13541 | Lair:3   | Noticed Nergalle
 13542 | Lair:3   | 13542 ||| INVOKING Heroism.
 13547 | Lair:3   | 13547 ||| Stepping ~*~*~tactically~*~*~ (retreating).
 13548 | Lair:3   | 13548 ||| Stepping ~*~*~tactically~*~*~ (retreating).
 13549 | Lair:3   | 13549 ||| Stepping ~*~*~tactically~*~*~ (retreating).
 13552 | Lair:3   | Killed Nergalle
 13553 | Lair:3   | 13553 ||| INVOKING Heroism.
 13658 | Lair:3   | 13658 ||| INVOKING Heroism.
 13663 | Lair:3   | 13663 ||| RETREATING.
 13667 | Lair:3   | 13667 ||| Stepping ~*~*~tactically~*~*~ (retreating).
 13668 | Lair:3   | 13668 ||| Stepping ~*~*~tactically~*~*~ (retreating).
 13669 | Lair:3   | 13669 ||| Stepping ~*~*~tactically~*~*~ (retreating).
 13670 | Lair:3   | 13670 ||| Stepping ~*~*~tactically~*~*~ (retreating).
 13674 | Lair:3   | 13674 ||| Stepping ~*~*~tactically~*~*~ (outnumbered).
 13676 | Lair:3   | 13676 ||| Stepping ~*~*~tactically~*~*~ (retreating).
 13677 | Lair:3   | 13677 ||| Stepping ~*~*~tactically~*~*~ (retreating).
 13678 | Lair:3   | 13678 ||| INVOKING Heroism.
 13692 | Lair:3   | 13692 ||| INVOKING Heroism.
 13692 | Lair:3   | HP: 21/84 [yak[a torpor snail] (7)]
 13693 | Lair:3   | 13693 ||| READING 5 scrolls of teleportation.
 13694 | Lair:3   | 13694 ||| DRINKING 5 potions of heal wounds.
 13965 | Lair:3   | 13965 ||| FLEEEEING.
 13966 | Lair:3   | 13966 ||| FLEEEEING.
 14031 | Lair:3   | 14031 ||| INVOKING Heroism.
 14054 | Lair:3   | Reached skill level 17 in Ranged Weapons
 14318 | Lair:3   | 14318 ||| UPGRADING to +6 ring of strength.
 14319 | Lair:3   | 14319 ||| READING 5 scrolls of identify.
 14319 | Lair:3   | 14319 ||| IDENTIFYING fuming silvery potion
 14409 | Lair:4   | 14409 ||| INVOKING Heroism.
 14457 | Lair:4   | 14457 ||| INVOKING Heroism.
 14474 | Lair:4   | Found a staircase to the Slime Pits.
 14490 | Lair:4   | 14490 ||| DROPPING +1 hat.
 14557 | Lair:4   | Found a viscous altar of Jiyva.
 14616 | Lair:4   | Noticed Sonja
 14621 | Lair:4   | Killed Sonja
 14801 | Lair:4   | 14801 ||| INVOKING Heroism.
 14802 | Lair:4   | Received a gift from Okawaru
 14803 | Lair:4   | Reached skill level 9 in Invocations
 15004 | Lair:4   | 15004 ||| INVOKING Heroism.
 15107 | Lair:4   | Reached ***** piety under Okawaru
 15124 | Lair:4   | 15124 ||| RETREATING.
 15127 | Lair:4   | 15127 ||| INVOKING Heroism.
 15356 | Lair:4   | 15356 ||| RETREATING.
 15365 | Lair:4   | 15365 ||| Stepping ~*~*~tactically~*~*~ (retreating).
 15366 | Lair:4   | 15366 ||| Stepping ~*~*~tactically~*~*~ (retreating).
 15367 | Lair:4   | 15367 ||| Stepping ~*~*~tactically~*~*~ (retreating).
 15368 | Lair:4   | 15368 ||| Stepping ~*~*~tactically~*~*~ (retreating).
 15369 | Lair:4   | Identified the +2 pair of boots of the Disturbing Artists
                  | {+Inv rCorr Str-3 Dex+3} (Okawaru gifted it to you on level
                  | 4 of the Lair of Beasts)
 15369 | Lair:4   | Received a gift from Okawaru
 15374 | Lair:4   | 15374 ||| INVOKING Heroism.
 15800 | Lair:4   | 15800 ||| UPGRADING to +2 pair of boots of the Disturbing
                  | Artists {+Inv rCorr Str-3 Dex+3}.
 15810 | Lair:4   | 15810 ||| DROPPING +0 pair of boots.
 15845 | Lair:5   | Entered Level 5 of the Lair of Beasts
 15848 | Lair:5   | 15848 ||| RETREATING.
 15850 | Lair:5   | 15850 ||| INVOKING Heroism.
 15851 | Lair:5   | 15851 ||| Stepping ~*~*~tactically~*~*~ (retreating).
 15852 | Lair:5   | 15852 ||| Stepping ~*~*~tactically~*~*~ (retreating).
 15857 | Lair:5   | 15857 ||| Stepping ~*~*~tactically~*~*~ (retreating).
 15858 | Lair:5   | 15858 ||| Stepping ~*~*~tactically~*~*~ (retreating).
 15860 | Lair:5   | 15860 ||| Stepping ~*~*~tactically~*~*~ (retreating).
 15861 | Lair:5   | 15861 ||| Stepping ~*~*~tactically~*~*~ (retreating).
 15862 | Lair:5   | 15862 ||| Stepping ~*~*~tactically~*~*~ (retreating).
 15863 | Lair:5   | 15863 ||| Stepping ~*~*~tactically~*~*~ (retreating).
 16131 | Lair:5   | 16131 ||| READING scroll labelled HUTTUEL NAIG.
 16195 | Lair:5   | 16195 ||| STAIRDANCE
 16203 | Lair:4   | 16203 ||| INVOKING Heroism.
 16206 | Lair:4   | Reached skill level 6 in Dodging
 16339 | Lair:5   | 16339 ||| STAIRDANCE
 16341 | Lair:4   | 16341 ||| Stepping ~*~*~tactically~*~*~ (retreating).
 16342 | Lair:4   | 16342 ||| Stepping ~*~*~tactically~*~*~ (retreating).
 16343 | Lair:4   | 16343 ||| Stepping ~*~*~tactically~*~*~ (retreating).
 16344 | Lair:4   | 16344 ||| INVOKING Heroism.
 16348 | Lair:4   | HP: 16/84 [torpor snail (16)]
 16349 | Lair:4   | 16349 ||| READING 4 scrolls of teleportation.
 16350 | Lair:4   | 16350 ||| DRINKING 4 potions of heal wounds.
 16351 | Lair:4   | 16351 ||| Stepping ~*~*~tactically~*~*~ (retreating).
 16352 | Lair:4   | 16352 ||| RETREATING.
 16353 | Lair:4   | 16353 ||| Stepping ~*~*~tactically~*~*~ (retreating).
 16354 | Lair:4   | 16354 ||| Stepping ~*~*~tactically~*~*~ (retreating).
 16355 | Lair:4   | 16355 ||| Stepping ~*~*~tactically~*~*~ (retreating).
 16356 | Lair:4   | 16356 ||| Stepping ~*~*~tactically~*~*~ (retreating).
 16481 | Lair:5   | 16481 ||| STAIRDANCE
 16483 | Lair:4   | 16483 ||| INVOKING Heroism.
 16485 | Lair:4   | Gained mutation: Your large and strong wings let you fly.
                  | [Gargoyle growth]
 16485 | Lair:4   | Reached XP level 14. HP: 79/90 MP: 18/21
 16518 | Lair:5   | 16518 ||| STAIRDANCE
 16525 | Lair:5   | 16525 ||| INVOKING Heroism.
 16545 | Lair:5   | Reached skill level 18 in Ranged Weapons
 16650 | Lair:5   | 16650 ||| INVOKING Heroism.
 16901 | Lair:5   | 16901 ||| READING 3 scrolls labelled ICRU HATHREBU.
 16902 | Lair:5   | 16902 ||| DROPPING 2 scrolls of revelation.
 16949 | Lair:5   | Reached skill level 12 in Fighting
 17073 | Lair:5   | 17073 ||| INVOKING Heroism.
 17091 | Lair:5   | 17091 ||| RETREATING.
 17093 | Lair:5   | 17093 ||| Stepping ~*~*~tactically~*~*~ (retreating).
 17094 | Lair:5   | 17094 ||| Stepping ~*~*~tactically~*~*~ (retreating).
 17095 | Lair:5   | 17095 ||| Stepping ~*~*~tactically~*~*~ (retreating).
 17096 | Lair:5   | 17096 ||| Stepping ~*~*~tactically~*~*~ (retreating).
 17097 | Lair:5   | 17097 ||| Stepping ~*~*~tactically~*~*~ (retreating).
 17106 | Lair:5   | 17106 ||| INVOKING Heroism.
 17141 | Lair:5   | 17141 ||| FLEEEEING.
 17143 | Lair:5   | 17143 ||| FLEEEEING.
 17238 | Lair:5   | 17238 ||| Stepping ~*~*~tactically~*~*~ (retreating).
 17243 | Lair:5   | 17243 ||| Stepping ~*~*~tactically~*~*~ (retreating).
 17245 | Lair:5   | 17245 ||| Stepping ~*~*~tactically~*~*~ (outnumbered).
 17249 | Lair:5   | 17249 ||| INVOKING Heroism.
 17376 | Lair:5   | 17376 ||| RETREATING.
 17423 | Lair:5   | 17423 ||| RETREATING.
 17424 | Lair:5   | 17424 ||| INVOKING Heroism.
 17425 | Lair:5   | 17425 ||| Stepping ~*~*~tactically~*~*~ (retreating).
 17427 | Lair:5   | 17427 ||| Stepping ~*~*~tactically~*~*~ (retreating).
 17428 | Lair:5   | 17428 ||| Stepping ~*~*~tactically~*~*~ (retreating).
 17429 | Lair:5   | 17429 ||| Stepping ~*~*~tactically~*~*~ (retreating).
 17430 | Lair:5   | 17430 ||| Stepping ~*~*~tactically~*~*~ (retreating).
 17431 | Lair:5   | 17431 ||| Stepping ~*~*~tactically~*~*~ (retreating).
 17559 | Lair:5   | 17559 ||| RETREATING.
 17765 | Lair:5   | 17765 ||| RETREATING.
 17807 | Lair:5   | 17807 ||| Stepping ~*~*~tactically~*~*~ (retreating).
 17808 | Lair:5   | 17808 ||| Stepping ~*~*~tactically~*~*~ (retreating).
 17809 | Lair:5   | 17809 ||| Stepping ~*~*~tactically~*~*~ (retreating).
 17810 | Lair:5   | 17810 ||| Stepping ~*~*~tactically~*~*~ (retreating).
 17920 | Lair:5   | Noticed a dire elephant
 17921 | Lair:5   | 17921 ||| INVOKING Heroism.
 17923 | Lair:5   | 17923 ||| RETREATING.
 17925 | Lair:5   | 17925 ||| Stepping ~*~*~tactically~*~*~ (retreating).
 17926 | Lair:5   | 17926 ||| Stepping ~*~*~tactically~*~*~ (retreating).
 17927 | Lair:5   | 17927 ||| Stepping ~*~*~tactically~*~*~ (retreating).
 17931 | Lair:5   | Killed a dire elephant
 17935 | Lair:5   | HP: 21/94 [manticore (4)]
 17936 | Lair:5   | 17936 ||| READING 4 scrolls of teleportation.
 17937 | Lair:5   | 17937 ||| DRINKING 3 potions of heal wounds.
 18169 | Lair:5   | 18169 ||| INVOKING Heroism.
 18199 | Lair:5   | 18199 ||| RETREATING.
 18205 | Lair:5   | 18205 ||| INVOKING Heroism.
 18321 | Lair:5   | 18321 ||| RETREATING.
 18322 | Lair:5   | 18322 ||| INVOKING Heroism.
 18333 | Lair:5   | HP: 22/94 [seven-headed hydra (3)]
 18334 | Lair:5   | 18334 ||| READING 3 scrolls of teleportation.
 18334 | Lair:5   | Slain by a death yak

Levels and vault maps discovered:
D:1:      elethiomel_arrival_infinity_welcomes_careful_drivers,
          layout_loops_ring, serial_shops, nicolae_shop_hallway_stairs
D:2:      layout_basic
D:3:      layout_basic, nicolae_kite_square_tiling_tiny
D:4:      layout_basic, grunt_temple_overflow_gold_and_silver,
          vehumet_altar_wand_db, fedhas_altar_1, gammafunk_temple_overflow_claw,
          palyth_stone_intersect, chequers_serial_rivers_room_a,
          corexii_checkpoint_b, st_stairs_9, uniq_pikel, uniq_sigmund
D:5:      layout_loops_ring, chequers_temple_overflow_statue_of_worship,
          minmay_temple_entry_mini_moons, portal_sewer_entry_b,
          grunt_ministairs_11, nicolae_wormholes, uniq_crazy_yiuf_cottage,
          uniq_edmund
D:6:      layout_basic, kennysheep_doodads, kennysheep_generic_room_12
D:7:      layout_basic, mainiacjoe_overflow_cross_hatched, uniq_prince_ribbit1
D:8:      layout_basic, nicolae_overflow_hidden_temple,
          nicolae_ossuary_entry_monument, fungi_pond_lemuel
D:9:      layout_long_grid, mainiacjoe_overflow_six_doors_small, special_room
          [special_room_orc], serial_shops, shop
D:10:     layout_long_grid, gammafunk_ghost_necromancy
D:11:     layout_roguey [special_room_bee], lair_entry_dummy, orc_david_3
Temple:   chequers_temple_sunken
Lair:1:   layout_regular_city
Lair:2:   layout_cave_pods, elwin_shoals_entry_rooms,
          minmay_snake_entry_guardpost_small, roderic_batcave
Lair:3:   layout_gridlike, uniq_nergalle
Lair:4:   wad_woods_structure_01, layout_regular_city,
          nicolae_slime_entry_field_trip, chequers_serial_rivers_room_b,
          serial_bayou_shore_a, uniq_sonja
Lair:5:   hangedman_lair_caniforms_friends, layout_hall_layers,
          hangedman_lair_in_review, serial_bayou, serial_bayou_pond_d,
          serial_bayou_lake_a, serial_bayou_pond_b, serial_bayou_pond_d

Skill      XL: |  1  2  3  4  5  6  7  8  9 10 11 12 13 14 |
---------------+-------------------------------------------+-----
Ranged Weapons | 5 6 8 9 11 13 15 16 17 18 | 18.0
Fighting       | 3 4 5 6 8 9 10 11 13 | 13.3
Armour         | 1 2 5 6 8 |  8.0
Dodging        | 3 4 5 6 7 |  7.0
Invocations    | 4 7 10 | 10.0
Stealth        | |  1.1

Action                     |  1- 3 |  4- 6 |  7- 9 | 10-12 | 13-15 || total
---------------------------+-------+-------+-------+-------+-------++-------
   Fire: Shortbow          |    86 |       |       |       |       ||    86
         Orcbow            |    16 |    33 |       |       |       ||    49
         Arbalest          |       |    69 |   210 |   463 |   399 ||  1141
 Invoke: Heroism           |       |       |     3 |    28 |    26 ||    57
    Use: Scroll            |     3 |     3 |     6 |     9 |     8 ||    29
         Potion            |       |       |     3 |     6 |     3 ||    12
 Armour: Leather armour    |    31 |    11 |    35 |   166 |       ||   243
         Ring mail         |       |    28 |    31 |    89 |   465 ||   613
  Dodge: Dodged            |    46 |    43 |    48 |   362 |   520 ||  1019
         Repelled          |       |       |     1 |     2 |     5 ||     8

Table legend:
 A = Non-vault XP
 B = Vault XP
 C = Vault XP percentage of total XP
 D = Non-vault monster count
 E = Vault monster count
 F = Vault count percentage of total count
                 A         B        C        D         E       F
            +---------+---------+-------+---------+---------+-------
      Total |   48457 |   31291 |  39.2 |     359 |     209 |  36.8
            +---------+---------+-------+---------+---------+-------
        D:1 |      46 |       0 |   0.0 |      25 |       0 |   0.0
        D:2 |      52 |       0 |   0.0 |      22 |       0 |   0.0
        D:3 |     125 |       0 |   0.0 |      21 |       0 |   0.0
        D:4 |     330 |     941 |  74.0 |      18 |       7 |  28.0
        D:5 |     808 |     276 |  25.5 |      24 |       9 |  27.3
        D:6 |     490 |       5 |   1.0 |       9 |       1 |  10.0
        D:7 |    1307 |     269 |  17.1 |      24 |       2 |   7.7
        D:8 |     564 |       0 |   0.0 |      13 |       0 |   0.0
        D:9 |    1294 |     361 |  21.8 |      10 |      24 |  70.6
       D:10 |    2079 |       0 |   0.0 |      23 |       0 |   0.0
       D:11 |    2591 |    1946 |  42.9 |      24 |      30 |  55.6
     Lair:1 |    5615 |       0 |   0.0 |      26 |       0 |   0.0
     Lair:2 |    5435 |    1882 |  25.7 |      28 |      12 |  30.0
     Lair:3 |   12657 |     769 |   5.7 |      46 |       1 |   2.1
     Lair:4 |    5612 |    5929 |  51.4 |      20 |      19 |  48.7
     Lair:5 |    9452 |   18692 |  66.4 |      26 |      72 |  73.5
      Sewer |       0 |      95 | 100.0 |       0 |      20 | 100.0
    Ossuary |       0 |     126 | 100.0 |       0 |      12 | 100.0
            +---------+---------+-------+---------+---------+-------
